 Dungeon Crawl Stone Soup version 0.24-a0-769-g368c1644f8 (webtiles) character file.

Game seed: 4455704268443614904, levelgen mode: deterministic

45 MalarOregon the Conjurer (level 3, -4/26 HPs)
             Began as a Draconian Conjurer on Oct 6, 2019.
             Slain by a gnoll
             ... wielding a +0 halberd
              (8 damage)
             ... on level 2 of the Dungeon.
             The game lasted 00:02:46 (963 turns).

MalarOregon the Conjurer (Draconian Conjurer)        Turns: 963, Time: 00:02:46

Health: -4/26      AC:  5    Str: 10    XL:     3   Next: 42%
Magic:  0/7        EV: 12    Int: 16    God:
Gold:   70         SH:  0    Dex: 11    Spells: 6/7 levels left

rFire    . . .     SeeInvis .   i - +0 trident
rCold    . . .     Gourm    .   (no shield)
rNeg     . . .     Faith    .   (armour unavailable)
rPois    .         Spirit   .   (helmet restricted)
rElec    .         Reflect  .   (no cloak)
rCorr    .         Harm     +   (no gloves)
MR       .....                  (no boots)
Stlth    ++........             g - amulet of harm (curse)
HPRegen  0.08/turn              (no ring)
MPRegen  0.10/turn              (no ring)

@: no status effects
A: unfitting armour, cold-blooded, AC +5
a: no special abilities


You were on level 2 of the Dungeon.
You were not hungry.

You visited 1 branch of the dungeon, and saw 2 of its levels.

You collected 70 gold pieces.

Inventory:

Hand Weapons
 i - a +0 trident (weapon)
   (You found it on level 2 of the Dungeon)
Jewellery
 g - a cursed amulet of harm (around neck)
   (You found it on level 1 of the Dungeon)
Scrolls
 a - 2 scrolls of identify {unknown}
 c - a scroll of magic mapping {unknown}
 d - a scroll of enchant armour {unknown}
Potions
 b - a potion of flight {unknown}
 h - 2 potions of might {unknown}
Comestibles
 e - 3 rations {!d}
 f - 10 chunks of flesh


   Skills:
 - Level 1.7 Dodging
 - Level 1.7 Stealth
 + Level 2.9 Spellcasting
 + Level 4.6 Conjurations


You had 6 spell levels left.
You knew the following spells:

 Your Spells              Type           Power        Failure   Level  Hunger
a - Magic Dart            Conj           ###.         2%          1    #......

Your spell library contained the following spells:

 Spells                   Type           Power        Failure   Level  Hunger
 Searing Ray              Conj           ###...       4%          2    ##.....
 Dazzling Spray           Conj/Hex       #.....       22%         3    ###....
 Iskenderun's Mystic Bla  Conj           ###.....     28%         4    #####..
 Force Lance              Conj/Tloc      #.......     58%         4    #####..
 Fulminant Prism          Conj/Hex       #.........   58%         4    #####..


Dungeon Overview and Level Annotations

Branches:
Dungeon (1/15)

Altars:


Innate Abilities, Weirdness & Mutations

Your plain brown scales are hard. (AC +5)
You cannot fit into any form of body armour.
You are cold-blooded and may be slowed by cold attacks.


Message History

You kill the frilled lizard!
You butcher the frilled lizard corpse.
f - 11 chunks of flesh (gained 1)
You see here a frilled lizard skeleton. x2
Eating one of 11 chunks of flesh.
You eat one of the 11 chunks of flesh.
Found 21 arrows.
A gnoll comes into view. It is wielding a +0 club.
The gnoll shouts!
You hear a shout!
A gnoll comes into view.
The gnoll shouts!
Unknown command.
Aim: a gnoll, wielding a +0 club The magic dart hits the gnoll.
Aim: a gnoll, wielding a +0 club (heavily wounded)
The magic dart hits the gnoll.
Aim: a gnoll, wielding a +0 club (heavily wounded)
The magic dart hits the gnoll.
Aim: a gnoll, wielding a +0 club (heavily wounded)
The magic dart hits the gnoll.
The gnoll barely misses you.
Aim: a gnoll, wielding a +0 club (heavily wounded)
The magic dart hits the gnoll but does no damage.
A gnoll comes into view. It is wielding a +0 halberd.
The gnoll hits you. The gnoll hits you with a +0 club.
* * * LOW HITPOINT WARNING * * *
You see here a frilled lizard skeleton.
You see here a trident.
i - a trident The gnoll hits you but does no damage.
Aim: a gnoll, wielding a +0 club (moderately wounded)
The magic dart hits the gnoll.
The gnoll hits you with a +0 club.
* * * LOW HITPOINT WARNING * * *
Aim: a gnoll, wielding a +0 club (severely wounded)
The magic dart hits the gnoll.
You kill the gnoll!
You have reached level 3!
Your experience leads to an increase in your attributes!
Increase (S)trength, (I)ntelligence, or (D)exterity?
You feel clever.
Your scales feel tougher.
Wield which item (- for none, * to show all)? (? for menu, Esc to quit)
i - a +0 trident (weapon)
Aim: a gnoll (severely wounded)
The magic dart hits the gnoll but does no damage.
The gnoll hits you.
* * * LOW HITPOINT WARNING * * *
Aim: a gnoll (severely wounded)
The magic dart hits the gnoll.
You kill the gnoll!
The gnoll hits you from afar with a +0 halberd!
You die...

÷##.# .##.#
..g.# .####
..############
#..).......).#
..#####....#.#
###
#....#.######.#
#.##....g†@...#
#.####.########
#......#
########


You could see a gnoll.

Vanquished Creatures
  2 gnolls (D:2)
  A worm (D:2)
  A leopard gecko (D:1)
  3 goblins (D:1)
  3 hobgoblins
  4 jackals (D:1)
  A bat (D:1)
  2 frilled lizards
  2 kobolds (D:1)
  4 rats
23 creatures vanquished.

Notes
Turn   | Place    | Note
-------+----------+-------------------------------------------
     0 | D:1      | MalarOregon the Draconian Conjurer began the quest for the
                  | Orb.
     0 | D:1      | Reached XP level 1. HP: 14/14 MP: 3/3
   183 | D:1      | Reached XP level 2. HP: 20/20 MP: 1/5
   765 | D:1      | You fall into a shaft and drop 1 floor!
   948 | D:2      | Reached XP level 3. HP: 7/26 MP: 0/7
   963 | D:2      | Slain by a gnoll

Levels and vault maps discovered:
D:1:      ncdulo_halloftheorcs, layout_loops_ring, serial_bayou_ford_a
D:2:      layout_loops_cross, fedhas_altar_4

Action                   || total
-------------------------++-------
Melee: Unarmed           ||    37
       Tailslap          ||     2
 Cast: Magic Dart        ||    46
  Eat: Chunk             ||     1
Armor: Skin              ||    15
Dodge: Dodged            ||    32

Table legend:
 A = Non-vault XP
 B = Vault XP
 C = Vault XP percentage of total XP
 D = Non-vault monster count
 E = Vault monster count
 F = Vault count percentage of total count
                 A         B        C        D         E       F
            +---------+---------+-------+---------+---------+-------
      Total |      65 |       0 |   0.0 |      23 |       0 |   0.0
            +---------+---------+-------+---------+---------+-------
        D:1 |      29 |       0 |   0.0 |      17 |       0 |   0.0
        D:2 |      36 |       0 |   0.0 |       6 |       0 |   0.0
            +---------+---------+-------+---------+---------+-------
